 Seeded DCSS version 0.30-a0-760-g5a9884bb7c (webtiles) character file.

Game seed: 5430720872467839093 (custom seed)

252 Hubris850 the Insei (level 6, -2/38 HPs)
             Began as an Octopode Transmuter on Feb 10, 2023.
             Slain by a gnoll
             ... wielding a +0 club
              (5 damage)
             ... on level 3 of the Dungeon.
             The game lasted 00:07:20 (2331 turns).

Hubris850 the Insei (Octopode Transmuter)           Turns: 2331, Time: 00:07:20

Health: -2/38      AC:  1    Str: 15    XL:     6   Next: 14%
Magic:  9/9        EV: 12    Int: 18    God:
Gold:   1811       SH:  6    Dex: 12    Spells: 4/9 levels left

rFire   x . .      SeeInvis .      - Unarmed
rCold   + . .      Faith    .    n - +2 buckler {reflect}
rNeg    + . .      Spirit   .    (helmet restricted)
rPois   .          Reflect  +    (no amulet)
rElec   .          Harm     .    k - +6 ring of strength
rCorr   .          Rampage  .    m - ring "Woddidaq" {Ice rN+}
Will    .....                    (no ring)
Stlth   ++                       (no ring)
HPRegen 0.26/turn                (no ring)
MPRegen 0.11/turn                (no ring)
                                 (no ring)
                                 (no ring)

@: no status effects
A: almost no armour, amphibious, 8 rings, camouflage 1, gelatinous body 1,
(nimble swimmer 1), tentacles
a: no special abilities


You were on level 3 of the Dungeon.
You visited 1 branch of the dungeon, and saw 3 of its levels.

You collected 1867 gold pieces.
You spent 56 gold pieces at shops.

Inventory:

Hand Weapons
 b - a +0 short sword
 t - the +3 short sword of the Manifold Quests {flame, rElec Int+5}
   (You found it on level 3 of the Dungeon)

   Int:       It affects your intelligence (+5).
   rElec:     It insulates you from electricity.
Armour
 n - a +2 buckler of reflection (worn)
Jewellery
 k - a +6 ring of strength (left tentacle)
 m - the ring "Woddidaq" (right tentacle) {Ice rN+}
   (You acquired it on level 2 of the Dungeon)

   [ring of ice]

   It enhances your ice magic.
   rF:        It makes you vulnerable to fire.
   rC:        It protects you from cold.
   rN:        It protects you from negative energy.
 r - a ring of protection from cold
Wands
 u - a wand of mindburst (13)
Scrolls
 d - a scroll of torment
 e - 3 scrolls of amnesia
 f - a scroll of poison {unknown}
 i - 2 scrolls of noise {unknown}
 j - a scroll of teleportation {unknown}
 l - a scroll of brand weapon {unknown}
 o - 2 scrolls of enchant armour {unknown}
 p - a scroll of fog {unknown}
 q - a scroll of immolation {unknown}
 s - a scroll of identify
Potions
 a - 2 potions of lignification
 c - a potion of mutation {unknown}
 g - a potion of attraction {unknown}
 h - 2 potions of curing
 v - a potion of ambrosia {unknown}
 w - a potion of degeneration {unknown}


   Skills:
 - Level 1.0 Fighting
 - Level 2.0 Dodging
 + Level 2.6 Shields
 - Level 6.0 Unarmed Combat
 - Level 2.0 Spellcasting
 - Level 2.0 Transmutations


You had 4 spell levels left.
You knew the following spells:

 Your Spells              Type           Power      Damage    Failure   Level
a - Beastly Appendage     Tmut           18%        N/A       11%         1
b - Ice Form              Ice/Tmut       8%         N/A       83%         4

Your spell library contained the following spells:

 Spells                   Type           Power      Damage    Failure   Level
 Wereblood                Tmut           9%         N/A       16%         2
 Spider Form              Tmut/Pois      5%         N/A       43%         3


Dungeon Overview and Level Annotations

Branches:
Dungeon (3/15)

Altars:
Okawaru

Shops:
D:2 ?


Innate Abilities, Weirdness & Mutations

You cannot wear most types of armour.
You are amphibious.
You can wear up to eight rings at the same time.
Your skin changes colour to match your surroundings (Stealth+).
Your rubbery body absorbs attacks. (AC +1, EV +1)
((You are camouflaged when in or above water. (Stealth+)))
You have tentacles for arms and can constrict up to eight enemies at once.


Message History

You grab the orc.
You constrict the orc, but do no damage.
The orc misses you.
The gnoll hits you from afar with a +0 spear.
The gnoll closely misses you.
You tentacle-slap the orc.
The orc is moderately wounded.
You constrict the orc. The gnoll misses you. You block the orc's attack.
The gnoll hits you from afar with a +0 spear.
You bludgeon the orc!
You kill the orc!
The gnoll hits you from afar with a +0 spear.
The gnoll barely misses you. You block the gnoll's attack.
The gnoll hits you with a +0 spear.
Things that are here:
a +0 whip; a +0 chain mail; an orc corpse You barely miss the gnoll.
You grab the gnoll.
You constrict the gnoll, but do no damage.
The gnoll hits you with a +0 spear. You block the gnoll's attack.
You barely miss the gnoll. Your grab misses the gnoll. You constrict the gnoll.
The gnoll closely misses you. The gnoll hits you with a +0 spear.
* * * LOW HITPOINT WARNING * * *
You closely miss the gnoll. You grab the gnoll. You squeeze the gnoll.
The gnoll is moderately wounded.
You constrict the gnoll. x2; The gnoll barely misses you.
You block the gnoll's attack.
You tentacle-slap the gnoll. You squeeze the gnoll.
You kill the gnoll!
You constrict the gnoll. The gnoll hits you with a +0 spear.
* * * LOW HITPOINT WARNING * * *
You tentacle-slap the gnoll but do no damage.
The gnoll is heavily wounded.
You constrict the gnoll. The gnoll hits you with a +0 spear.
* * * LOW HITPOINT WARNING * * *
The gnoll closely misses you.
You tentacle-slap the gnoll but do no damage.
You grab the gnoll. You constrict the gnoll.
You kill the gnoll!
You constrict the gnoll. The gnoll hits you with a +0 club.
You die...

###.# #.#####.##..# #.##
#..##......##
#..###.......##...
#....)..#..####.## ##
#..####...## #.#
#.###..####.### #.#
..##......... #.#
#.##...##..#. ..#
#.##@.####.## ## #..g).# #.#
########..####
####..........#
#.....#####.#g# .
#.....#.g...#.# ###.
#(...g#.#####.##.............
#.......# #.#..# #........
#....[### #.#.# #....g..


You could see a gnoll.

Vanquished Creatures
  A necrophage (D:2)
  An orc priest (D:3)
  An orc wizard (D:2)
  8 gnolls
  2 adders
  3 orcs (D:3)
  3 bats
  6 endoplasms
  A giant cockroach (D:3)
  4 goblins
  4 hobgoblins
  4 jackals (D:1)
  6 kobolds
  2 quokkas (D:1)
  5 ball pythons
  2 frilled lizards (D:2)
  2 rats
55 creatures vanquished.

Notes
Turn   | Place    | Note
-------+----------+-------------------------------------------
     0 | D:1      | Hubris850 the Octopode Transmuter began the quest for the
                  | Orb.
     0 | D:1      | Reached XP level 1. HP: 13/13 MP: 3/3
    78 | D:1      | Reached XP level 2. HP: 8/18 MP: 5/5
   620 | D:1      | Reached skill level 4 in Unarmed Combat
   857 | D:1      | Reached XP level 3. HP: 23/23 MP: 6/6
   986 | D:2      | Identified 3 scrolls of acquirement
   986 | D:2      | Acquired 1045 gold pieces
   988 | D:2      | Acquired a +2 buckler of reflection
   995 | D:2      | Acquired the ring "Woddidaq" {Ice rN+}
  1227 | D:2      | Noticed a necrophage
  1232 | D:2      | Killed a necrophage
  1233 | D:2      | Reached skill level 5 in Unarmed Combat
  1233 | D:2      | Reached XP level 4. HP: 27/28 MP: 7/7
  1293 | D:2      | Acquired 715 gold pieces
  1337 | D:2      | Reached XP level 5. HP: 13/33 MP: 8/8
  1344 | D:2      | Learned a level 4 spell: Ice Form
  1539 | D:2      | Found Doddoiw's Magic Scroll Shoppe.
  1544 | D:2      | Bought a scroll of identify for 28 gold pieces
  1544 | D:2      | Bought a scroll of identify for 28 gold pieces
  1895 | D:3      | Found a faded altar of an unknown god.
  1977 | D:3      | Found an iron altar of Okawaru.
  2017 | D:3      | Reached skill level 6 in Unarmed Combat
  2040 | D:3      | Identified the +2 robe of Binutifa {rPois Dex+5}
  2145 | D:3      | Reached skill level 1 in Shields
  2150 | D:3      | Identified the +3 short sword of the Manifold Quests
                  | {flame, rElec Int+5}
  2220 | D:3      | Reached XP level 6. HP: 28/38 MP: 9/9
  2331 | D:3      | Slain by a gnoll

Illustrated notes

Levels and vault maps discovered:
D:1:      dpeg_arrival_boxes_within_box, layout_basic
D:2:      layout_loops_ring, serial_shops, shop, nicolae_kite_square_tiling_tiny
D:3:      layout_rooms, okawaru_metal_pillars_3, ebering_ecumenical_altar_rust

Skill      XL: |  1  2  3  4  5 |
---------------+----------------+-----
Unarmed Combat | 4 5 6 |  6.0
Shields        | 2 |  2.6
Fighting       | |  1.0
Dodging        | |  2.0
Spellcasting   | |  2.0
Transmutations | |  2.0

Action                     |  1- 3 |  4- 6 || total
---------------------------+-------+-------++-------
  Melee: Short sword       |    72 |       ||    72
         Constrict         |    18 |    16 ||    34
         Unarmed           |     4 |    71 ||    75
         Tentacles         |    12 |    13 ||    25
         Punch             |     2 |     3 ||     5
   Cast: Beastly Appendage |       |     1 ||     1
    Use: Scroll            |     3 |     4 ||     7
   Stab: Sleeping          |     6 |     2 ||     8
 Armour: Skin              |     5 |     8 ||    13
  Dodge: Dodged            |    39 |    34 ||    73
  Block: Buckler           |     6 |    15 ||    21

Table legend: (Time is in decaauts)
 A = Elapsed time spent in this place.
 B = Non-inter-level travel time spent in this place.
 C = Inter-level travel time spent in this place.
 D = Time resting spent in this place.
 E = Time spent auto-exploring this place.
 F = Levels seen in this place.
 G = Mean time per level.
                   A        B        C        D        E       F      G
               +--------+--------+--------+--------+--------+-----+--------+
         Total |   2325 |   2183 |    142 |    233 |   1461 |   3 |  775.0 |
       Dungeon |   2325 |   2183 |    142 |    233 |   1461 |   3 |  775.0 |
               +--------+--------+--------+--------+--------+-----+--------+

Top non-repeatable levels by time:
     D:1: 964 daAuts
     D:2: 943 daAuts
     D:3: 416 daAuts
